[ PARTIDA AOE2 · #479266012 ]
Team RMPersas vs Goths
[ ANÁLISIS DE REPETICIÓN · EXTRAÍDO DE LA PARTIDA GRABADA ]
Feudal
11:39
Castillos
25:42
Imperial
46:08
| APM promedio | 13.7 |
| APM pico | 37 |
| eAPM promedio | 10.3 |
| Aldeanos / militares | 112 / 222 |
Foco
⚔️ 27.2% · 🌾 72.8%
Archer ×147 · War Elephant ×37 · Knight ×34 · Trade Cart ×12 · Petard ×4
Feudal
11:23
Castillos
15:59
Imperial
37:25
| APM promedio | 11.8 |
| APM pico | 37 |
| eAPM promedio | 9.7 |
| Aldeanos / militares | 117 / 84 |
Foco
⚔️ 26.0% · 🌾 74.0%
Spearman ×37 · Kona ×35 · Trade Cart ×20 · Unknown (2550) ×17 · Mangonel ×6 · Monk ×4
Feudal
14:32
Castillos
24:03
Imperial
33:55
| APM promedio | 13.7 |
| APM pico | 36 |
| eAPM promedio | 10.8 |
| Aldeanos / militares | 119 / 173 |
Foco
⚔️ 24.6% · 🌾 75.4%
Spearman ×143 · Organ Gun ×17 · Trebuchet (Packed) ×12 · Trade Cart ×7 · Monk ×1
Feudal
14:25
Castillos
22:25
Imperial
34:04
| APM promedio | 16.9 |
| APM pico | 38 |
| eAPM promedio | 13.0 |
| Aldeanos / militares | 81 / 105 |
Foco
⚔️ 43.6% · 🌾 56.4%
Scorpion ×74 · Battle Elephant ×28 · Spearman ×3
Feudal
11:07
Castillos
26:03
Imperial
43:21
| APM promedio | 22.0 |
| APM pico | 62 |
| eAPM promedio | 16.1 |
| Aldeanos / militares | 137 / 196 |
Foco
⚔️ 30.3% · 🌾 69.7%
Spearman ×127 · Skirmisher ×34 · Militia ×26 · Bombard Cannon ×8 · Monk ×1
Feudal
11:57
Castillos
20:27
Imperial
38:43
| APM promedio | 22.3 |
| APM pico | 69 |
| eAPM promedio | 8.8 |
| Aldeanos / militares | 128 / 276 |
Foco
⚔️ 38.0% · 🌾 62.0%
Huskarl ×152 · Spearman ×77 · Militia ×39 · Trade Cart ×11 · Battering Ram ×5 · Trebuchet (Packed) ×3
Mapa de la partida
Recursos al inicio + cada clic de construcción. Línea gruesa = muro · recuadro discontinuo = muro de casas detectado. 🟡 oro · ⚪ piedra · 🟢 bayas · 🔶 jabalí · ⭕ reliquia
Tu base· ✓ Cerrada en 25:42 · 38t muro
Base de aliø· ✓ Cerrada en 15:59 · 28t muro
Base de Olde· ✓ Cerrada en 24:03 · 18t muro
Base de UnAmigo.es· Abierta — flanco sin cerrar
Base de Lamda· ✓ Cerrada en 26:03 · 0t muro
Base de monkeylogics· Abierta — flanco sin cerrar
Terreno con relieve · ⚠ = hueco de muro detectado · pasá el cursor para detalles
Inputs por minuto
— HemppaVeijo - - aliø
Build order — HemppaVeijo
Primeras 150 de 287 acciones detectadas
| 0:06 | Construir | House |
| 0:11 | Crear | Villager (Male) ×5 |
| 1:13 | Investigar | Loom |
| 2:01 | Crear | Villager (Male) |
| 2:07 | Construir | House |
| 2:08 | Construir | House |
| 2:33 | Crear | Villager (Male) |
| 2:53 | Crear | Villager (Male) |
| 3:28 | Crear | Villager (Male) |
| 3:28 | Crear | Villager (Male) |
| 4:10 | Crear | Villager (Male) |
| 4:13 | Crear | Villager (Male) |
| 4:51 | Construir | Palisade Wall |
| 4:55 | Construir | Building 796 |
| 5:06 | Crear | Villager (Male) |
| 5:32 | Crear | Villager (Male) |
| 5:32 | Crear | Villager (Male) |
| 6:04 | Construir | Palisade Wall |
| 6:29 | Construir | Mill |
| 6:32 | Crear | Villager (Male) |
| 7:24 | Crear | Villager (Male) |
| 7:24 | Crear | Villager (Male) |
| 7:24 | Crear | Villager (Male) |
| 7:24 | Crear | Villager (Male) |
| 7:48 | Construir | House |
| 7:54 | Construir | House |
| 8:05 | Construir | Lumber Camp |
| 8:17 | Crear | Villager (Male) |
| 8:49 | Construir | Mining Camp |
| 9:34 | Investigar | Feudal Age |
| 9:59 | Crear | Villager (Male) |
| 10:21 | Construir | Mining Camp |
| 11:27 | Crear | Villager (Male) |
| 11:27 | Crear | Villager (Male) |
| 11:39 | Edad | Edad Feudal |
| 11:42 | Investigar | Wheelbarrow |
| 11:48 | Investigar | Double-Bit Axe |
| 11:56 | Construir | Lumber Camp |
| 12:43 | Investigar | Horse Collar |
| 12:53 | Crear | Villager (Male) |
| 12:53 | Crear | Villager (Male) |
| 12:56 | Construir | House |
| 13:08 | Construir | House |
| 13:13 | Crear | Villager (Male) |
| 13:13 | Crear | Villager (Male) |
| 13:28 | Construir | Farm |
| 13:31 | Construir | Farm |
| 13:43 | Construir | Farm |
| 13:50 | Crear | Villager (Male) |
| 14:13 | Construir | Building 490 |
| 14:18 | Construir | Stone Wall |
| 14:26 | Construir | Stone Wall |
| 14:41 | Construir | Farm |
| 14:44 | Construir | Farm |
| 14:47 | Construir | Farm |
| 14:56 | Construir | Farm |
| 14:59 | Crear | Villager (Male) |
| 14:59 | Crear | Villager (Male) |
| 15:00 | Crear | Villager (Male) |
| 15:00 | Crear | Villager (Male) |
| 15:30 | Investigar | Gold Mining |
| 15:41 | Crear | Villager (Male) |
| 15:42 | Crear | Villager (Male) |
| 15:48 | Construir | Mining Camp |
| 16:01 | Construir | Farm |
| 16:03 | Construir | Farm |
| 16:16 | Crear | Villager (Male) |
| 16:19 | Crear | Villager (Male) |
| 17:28 | Construir | Blacksmith |
| 17:52 | Construir | Watch Tower |
| 17:59 | Construir | House |
| 18:01 | Construir | House |
| 18:03 | Construir | House |
| 18:13 | Investigar | Town Watch |
| 18:15 | Crear | Villager (Male) |
| 18:15 | Crear | Villager (Male) |
| 18:19 | Investigar | Stone Mining |
| 18:29 | Construir | Farm |
| 18:29 | Construir | Farm |
| 18:29 | Construir | Farm |
| 18:30 | Construir | Farm |
| 18:30 | Construir | Farm |
| 18:46 | Investigar | Fletching |
| 18:58 | Crear | Villager (Male) |
| 20:24 | Construir | Market |
| 20:31 | Construir | Mining Camp |
| 20:34 | Investigar | Forging |
| 20:37 | Crear | Villager (Male) ×5 |
| 20:51 | Construir | Farm |
| 20:51 | Construir | Farm |
| 20:51 | Construir | Farm |
| 20:51 | Construir | Farm |
| 20:52 | Construir | Farm |
| 20:58 | Construir | Farm |
| 20:58 | Construir | Farm |
| 21:18 | Crear | Villager (Male) |
| 21:18 | Crear | Villager (Male) |
| 21:35 | Construir | Lumber Camp |
| 21:58 | Construir | Barracks |
| 22:25 | Construir | Farm |
| 22:25 | Construir | Farm |
| 22:25 | Construir | Farm |
| 22:26 | Construir | Farm |
| 22:28 | Construir | Farm |
| 22:54 | Construir | House |
| 22:56 | Construir | House |
| 22:57 | Construir | House |
| 22:58 | Construir | House |
| 22:59 | Construir | House |
| 23:16 | Investigar | Castle Age |
| 23:34 | Construir | Archery Range |
| 23:40 | Investigar | Arson |
| 24:31 | Construir | House |
| 24:33 | Construir | House |
| 24:34 | Construir | House |
| 24:35 | Construir | House |
| 24:37 | Construir | House |
| 24:38 | Construir | House |
| 24:42 | Crear | Villager (Male) |
| 24:43 | Crear | Villager (Male) |
| 24:43 | Crear | Villager (Male) |
| 25:06 | Construir | Stable |
| 25:21 | Crear | Villager (Male) |
| 25:21 | Crear | Villager (Male) |
| 25:42 | Edad | Edad de los Castillos |
| 25:47 | Construir | Town Center |
| 25:59 | Construir | Town Center |
| 26:08 | Construir | Stable |
| 26:11 | Investigar | Husbandry |
| 26:18 | Investigar | Scale Barding Armor |
| 26:19 | Investigar | Iron Casting |
| 26:47 | Crear | Archer ×5 |
| 27:21 | Investigar | Crossbowman (upgrade) |
| 27:33 | Construir | Archery Range |
| 27:43 | Crear | Villager (Male) |
| 27:43 | Crear | Villager (Male) |
| 27:45 | Crear | Villager (Male) |
| 28:24 | Investigar | Man-at-Arms (upgrade) |
| 29:19 | Construir | Town Center |
| 29:27 | Investigar | Hand Cart |
| 29:28 | Crear | Villager (Male) |
| 29:28 | Crear | Villager (Male) |
| 29:43 | Investigar | Chain Barding Armor |
| 29:47 | Investigar | Stone Shaft Mining |
| 29:49 | Investigar | Gold Shaft Mining |
| 29:53 | Investigar | Heavy Plow |
| 30:25 | Construir | Castle |
| 30:57 | Investigar | Bodkin Arrow |
| 31:02 | Crear | Villager (Male) |
| 31:02 | Crear | Villager (Male) |
Build order — aliø
Primeras 150 de 242 acciones detectadas
| 0:03 | Crear | Villager (Male) ×4 |
| 0:05 | Construir | House |
| 0:07 | Construir | House |
| 2:07 | Crear | Villager (Male) ×2 |
| 2:08 | Investigar | Loom |
| 2:23 | Crear | Villager (Male) ×2 |
| 3:11 | Crear | Villager (Male) |
| 3:25 | Construir | House |
| 3:26 | Construir | House |
| 3:54 | Crear | Villager (Male) |
| 3:54 | Crear | Villager (Male) |
| 4:10 | Construir | Settlement |
| 4:25 | Crear | Villager (Male) |
| 4:26 | Crear | Villager (Male) |
| 4:26 | Crear | Villager (Male) |
| 4:26 | Crear | Villager (Male) |
| 4:52 | Crear | Villager (Male) |
| 4:52 | Crear | Villager (Male) |
| 5:22 | Crear | Villager (Male) |
| 5:22 | Crear | Villager (Male) |
| 5:42 | Crear | Villager (Male) |
| 6:01 | Crear | Villager (Male) |
| 6:01 | Crear | Villager (Male) |
| 6:24 | Construir | House |
| 7:33 | Construir | Settlement |
| 7:43 | Crear | Villager (Male) |
| 7:43 | Crear | Villager (Male) |
| 7:44 | Crear | Villager (Male) |
| 8:46 | Crear | Villager (Male) |
| 8:47 | Investigar | Feudal Age |
| 9:29 | Construir | Settlement |
| 11:23 | Edad | Edad Feudal |
| 11:25 | Investigar | Wheelbarrow |
| 11:30 | Investigar | Horse Collar |
| 11:48 | Construir | Market |
| 12:30 | Construir | Farm |
| 12:42 | Construir | Blacksmith |
| 12:50 | Crear | Villager (Male) |
| 12:59 | Construir | Farm |
| 13:19 | Investigar | Castle Age |
| 13:43 | Construir | Farm |
| 13:46 | Construir | Farm |
| 14:04 | Construir | Farm |
| 14:12 | Investigar | Double-Bit Axe |
| 14:49 | Crear | Villager (Male) |
| 15:11 | Construir | Stone Wall |
| 15:18 | Construir | Building 490 |
| 15:54 | Crear | Villager (Male) ×5 |
| 15:59 | Edad | Edad de los Castillos |
| 16:06 | Construir | Town Center |
| 16:59 | Construir | Town Center |
| 17:45 | Crear | Villager (Male) ×5 |
| 17:50 | Crear | Spearman |
| 17:50 | Crear | Spearman |
| 18:20 | Construir | Farm |
| 18:21 | Construir | Farm |
| 18:22 | Construir | Farm |
| 18:25 | Construir | Farm |
| 18:39 | Crear | Villager (Male) |
| 18:50 | Construir | Farm |
| 18:52 | Construir | Farm |
| 19:03 | Crear | Villager (Male) |
| 19:10 | Construir | House |
| 19:11 | Construir | House |
| 19:15 | Construir | House |
| 19:19 | Construir | Farm |
| 19:20 | Construir | Farm |
| 19:21 | Construir | Farm |
| 20:20 | Investigar | Hand Cart |
| 20:29 | Construir | Farm |
| 20:32 | Construir | Farm |
| 21:06 | Investigar | Town Watch |
| 21:41 | Crear | Villager (Male) ×5 |
| 21:42 | Crear | Villager (Male) ×2 |
| 21:48 | Construir | Farm |
| 22:08 | Construir | Barracks |
| 22:36 | Construir | Barracks |
| 22:41 | Investigar | Tech 1402 |
| 22:54 | Investigar | Forging |
| 23:14 | Crear | Unit 2550 ×5 |
| 23:17 | Investigar | Scale Mail Armor |
| 23:53 | Construir | Farm |
| 23:56 | Construir | Farm |
| 23:57 | Construir | Farm |
| 23:58 | Construir | Farm |
| 23:59 | Construir | Farm |
| 24:00 | Construir | Farm |
| 24:03 | Construir | Farm |
| 24:04 | Construir | Farm |
| 24:12 | Crear | Unit 2550 ×5 |
| 24:22 | Construir | Barracks |
| 25:03 | Investigar | Tech 1351 |
| 25:08 | Construir | Farm |
| 25:11 | Construir | Farm |
| 25:21 | Crear | Villager (Male) ×5 |
| 25:38 | Investigar | Arson |
| 25:41 | Crear | Unit 2550 ×3 |
| 25:52 | Crear | Villager (Male) ×5 |
| 26:43 | Crear | Unit 2550 ×4 |
| 28:42 | Investigar | Bow Saw |
| 28:47 | Investigar | Heavy Plow |
| 29:26 | Construir | Siege Workshop |
| 29:45 | Construir | Settlement |
| 29:49 | Investigar | Gold Mining |
| 29:54 | Crear | Villager (Male) ×5 |
| 29:54 | Crear | Villager (Male) ×5 |
| 30:03 | Crear | Mangonel |
| 30:12 | Construir | Settlement |
| 30:51 | Construir | Farm |
| 30:59 | Investigar | Gold Shaft Mining |
| 31:02 | Crear | Villager (Male) ×5 |
| 31:02 | Crear | Villager (Male) ×5 |
| 31:22 | Construir | Stone Wall |
| 32:05 | Construir | Building 490 |
| 32:11 | Construir | Stone Wall |
| 32:18 | Investigar | Stone Mining |
| 32:32 | Construir | House |
| 32:33 | Construir | House |
| 32:35 | Construir | House |
| 32:36 | Construir | House |
| 33:20 | Construir | Monastery |
| 33:38 | Crear | Villager (Male) ×5 |
| 33:52 | Construir | Outpost |
| 34:09 | Construir | Farm |
| 34:12 | Investigar | Imperial Age |
| 34:35 | Construir | Siege Workshop |
| 34:39 | Construir | University |
| 34:45 | Construir | House |
| 34:49 | Construir | House |
| 34:50 | Construir | House |
| 34:53 | Construir | House |
| 34:54 | Construir | House |
| 34:56 | Construir | House |
| 35:01 | Crear | Villager (Male) ×5 |
| 35:17 | Construir | Farm |
| 35:32 | Crear | Monk |
| 35:32 | Crear | Monk |
| 35:48 | Construir | Farm |
| 35:49 | Construir | Farm |
| 35:51 | Construir | Farm |
| 36:02 | Construir | Town Center |
| 36:11 | Construir | Farm |
| 36:39 | Investigar | Chain Mail Armor |
| 36:46 | Construir | Farm |
| 37:25 | Edad | Edad Imperial |
| 37:35 | Investigar | Onager (upgrade) |
| 37:36 | Investigar | Capped Ram (upgrade) |
| 37:40 | Investigar | Chemistry |
| 37:46 | Investigar | Treadmill Crane |
| 37:47 | Investigar | Murder Holes |
Build order — Olde
Primeras 150 de 324 acciones detectadas
| 0:01 | Crear | Villager (Male) |
| 0:01 | Crear | Villager (Male) |
| 0:01 | Crear | Villager (Male) |
| 0:03 | Construir | House |
| 0:07 | Construir | House |
| 0:11 | Crear | Villager (Male) |
| 0:11 | Crear | Villager (Male) |
| 0:18 | Investigar | Loom |
| 0:19 | Crear | Villager (Male) |
| 0:19 | Crear | Villager (Male) |
| 0:19 | Crear | Villager (Male) |
| 1:55 | Crear | Villager (Male) |
| 2:29 | Crear | Villager (Male) |
| 2:53 | Crear | Villager (Male) |
| 3:28 | Crear | Villager (Male) |
| 4:04 | Crear | Villager (Male) |
| 4:12 | Construir | Mill |
| 4:26 | Construir | Palisade Wall |
| 5:08 | Crear | Villager (Male) |
| 6:00 | Construir | Palisade Wall |
| 6:07 | Crear | Villager (Male) |
| 6:21 | Construir | House |
| 6:23 | Construir | House |
| 6:29 | Crear | Villager (Male) |
| 6:36 | Construir | Lumber Camp |
| 6:46 | Crear | Villager (Male) |
| 7:19 | Crear | Villager (Male) |
| 7:53 | Construir | Mining Camp |
| 7:57 | Crear | Villager (Male) |
| 8:26 | Crear | Villager (Male) |
| 8:34 | Crear | Villager (Male) |
| 8:58 | Construir | Mining Camp |
| 9:03 | Crear | Villager (Male) |
| 9:22 | Crear | Villager (Male) |
| 9:49 | Construir | House |
| 9:50 | Construir | House |
| 9:56 | Crear | Villager (Male) |
| 10:42 | Crear | Villager (Male) |
| 10:52 | Crear | Villager (Male) |
| 11:20 | Crear | Villager (Male) |
| 11:51 | Crear | Villager (Male) |
| 12:20 | Investigar | Feudal Age |
| 14:23 | Construir | Lumber Camp |
| 14:32 | Edad | Edad Feudal |
| 14:32 | Investigar | Wheelbarrow |
| 14:33 | Investigar | Double-Bit Axe |
| 14:34 | Investigar | Horse Collar |
| 14:35 | Crear | Villager (Male) |
| 14:35 | Crear | Villager (Male) |
| 15:35 | Crear | Villager (Male) |
| 16:27 | Construir | Blacksmith |
| 16:30 | Construir | House |
| 16:32 | Construir | House |
| 16:35 | Crear | Villager (Male) |
| 16:51 | Construir | Market |
| 16:54 | Crear | Villager (Male) |
| 16:56 | Construir | Farm |
| 17:01 | Construir | Farm |
| 17:02 | Construir | Farm |
| 17:03 | Construir | Farm |
| 17:04 | Construir | Farm |
| 17:06 | Construir | Farm |
| 17:21 | Crear | Villager (Male) |
| 17:23 | Construir | Farm |
| 17:39 | Crear | Villager (Male) |
| 17:42 | Construir | Farm |
| 17:53 | Crear | Villager (Male) |
| 18:04 | Crear | Villager (Male) |
| 18:06 | Construir | Farm |
| 18:11 | Construir | House |
| 18:12 | Construir | House |
| 18:13 | Construir | House |
| 18:18 | Construir | Farm |
| 18:19 | Construir | Farm |
| 18:22 | Construir | Farm |
| 18:29 | Crear | Villager (Male) |
| 18:34 | Construir | Farm |
| 18:36 | Crear | Villager (Male) |
| 18:58 | Construir | Farm |
| 19:00 | Crear | Villager (Male) |
| 19:23 | Crear | Villager (Male) |
| 19:25 | Construir | Farm |
| 19:27 | Crear | Villager (Male) |
| 19:37 | Crear | Villager (Male) |
| 19:42 | Construir | House |
| 19:45 | Construir | House |
| 19:46 | Construir | House |
| 19:50 | Construir | Farm |
| 20:11 | Construir | Mining Camp |
| 21:01 | Construir | Farm |
| 21:05 | Investigar | Castle Age |
| 21:30 | Construir | Farm |
| 22:30 | Crear | Trade Cart |
| 22:31 | Crear | Trade Cart |
| 23:02 | Investigar | Gold Mining |
| 23:03 | Investigar | Stone Mining |
| 23:13 | Crear | Trade Cart |
| 24:03 | Edad | Edad de los Castillos |
| 24:03 | Investigar | Hand Cart |
| 24:05 | Investigar | Bow Saw |
| 24:07 | Investigar | Heavy Plow |
| 24:08 | Crear | Villager (Male) |
| 24:28 | Construir | Town Center |
| 24:39 | Construir | Town Center |
| 24:46 | Construir | Town Center |
| 24:48 | Crear | Villager (Male) |
| 24:48 | Crear | Villager (Male) |
| 25:10 | Crear | Villager (Male) |
| 25:18 | Investigar | Caravan |
| 25:19 | Investigar | Coinage |
| 25:28 | Crear | Villager (Male) |
| 25:28 | Crear | Villager (Male) |
| 25:29 | Crear | Villager (Male) |
| 25:31 | Crear | Villager (Male) |
| 25:32 | Crear | Villager (Male) |
| 25:33 | Crear | Villager (Male) |
| 25:56 | Construir | Castle |
| 27:17 | Crear | Villager (Male) |
| 27:17 | Crear | Villager (Male) |
| 27:17 | Crear | Villager (Male) |
| 27:17 | Crear | Villager (Male) |
| 27:18 | Crear | Villager (Male) |
| 27:18 | Crear | Villager (Male) |
| 27:18 | Crear | Villager (Male) |
| 27:18 | Crear | Villager (Male) |
| 27:18 | Crear | Villager (Male) |
| 27:19 | Crear | Villager (Male) |
| 27:19 | Crear | Villager (Male) |
| 27:19 | Crear | Villager (Male) |
| 27:19 | Crear | Villager (Male) |
| 29:29 | Crear | Villager (Male) ×5 |
| 29:29 | Crear | Villager (Male) ×5 |
| 29:46 | Construir | Mining Camp |
| 29:59 | Construir | Farm |
| 30:00 | Construir | Farm |
| 30:01 | Construir | Farm |
| 30:01 | Construir | Farm |
| 30:02 | Construir | Farm |
| 30:04 | Construir | Farm |
| 30:05 | Construir | Farm |
| 30:08 | Construir | Farm |
| 30:09 | Construir | Farm |
| 30:10 | Construir | Farm |
| 30:14 | Construir | Farm |
| 30:27 | Construir | University |
| 30:31 | Construir | Monastery |
| 30:45 | Investigar | Imperial Age |
| 31:12 | Crear | Villager (Male) |
| 31:13 | Crear | Villager (Male) |
| 31:13 | Crear | Villager (Male) |
Build order — UnAmigo.es
Primeras 150 de 341 acciones detectadas
| 0:02 | Crear | Villager (Male) |
| 0:02 | Crear | Villager (Male) |
| 0:03 | Crear | Villager (Male) |
| 0:03 | Crear | Villager (Male) |
| 0:06 | Construir | House |
| 0:33 | Construir | House |
| 1:40 | Crear | Villager (Male) |
| 2:17 | Investigar | Loom |
| 2:22 | Crear | Villager (Male) |
| 2:31 | Crear | Villager (Male) |
| 3:08 | Crear | Villager (Male) |
| 3:22 | Crear | Villager (Male) |
| 3:49 | Crear | Villager (Male) |
| 4:22 | Crear | Villager (Male) |
| 4:22 | Crear | Villager (Male) |
| 4:47 | Crear | Villager (Male) |
| 4:47 | Crear | Villager (Male) |
| 4:52 | Construir | Lumber Camp |
| 4:59 | Construir | House |
| 5:56 | Construir | House |
| 6:31 | Crear | Villager (Male) |
| 7:09 | Crear | Villager (Male) |
| 7:09 | Crear | Villager (Male) |
| 7:10 | Crear | Villager (Male) |
| 7:11 | Crear | Villager (Male) |
| 7:54 | Construir | Mill |
| 8:01 | Crear | Villager (Male) |
| 8:02 | Crear | Villager (Male) |
| 8:02 | Crear | Villager (Male) |
| 9:16 | Crear | Villager (Male) |
| 9:17 | Crear | Villager (Male) |
| 9:38 | Crear | Villager (Male) |
| 9:45 | Construir | House |
| 10:09 | Construir | Lumber Camp |
| 10:44 | Crear | Villager (Male) |
| 11:47 | Construir | Mill |
| 12:03 | Construir | Lumber Camp |
| 12:10 | Investigar | Feudal Age |
| 13:43 | Construir | Barracks |
| 13:51 | Construir | Barracks |
| 14:25 | Edad | Edad Feudal |
| 14:31 | Construir | Market |
| 14:39 | Construir | Mill |
| 14:50 | Crear | Villager (Male) |
| 14:50 | Crear | Villager (Male) |
| 14:57 | Construir | House |
| 15:07 | Construir | House |
| 15:13 | Construir | House |
| 15:20 | Construir | House |
| 15:22 | Construir | House |
| 15:25 | Construir | House |
| 15:38 | Construir | House |
| 15:41 | Construir | House |
| 15:45 | Construir | House |
| 15:49 | Construir | Mining Camp |
| 15:53 | Construir | House |
| 15:57 | Crear | Villager (Male) |
| 15:59 | Crear | Villager (Male) |
| 16:20 | Crear | Villager (Male) |
| 16:46 | Construir | Lumber Camp |
| 17:18 | Crear | Villager (Male) |
| 17:30 | Construir | Farm |
| 17:30 | Construir | Farm |
| 17:30 | Construir | Farm |
| 17:31 | Construir | Farm |
| 17:31 | Construir | Farm |
| 17:31 | Construir | Farm |
| 17:35 | Construir | Farm |
| 17:36 | Construir | Farm |
| 17:43 | Construir | Farm |
| 17:43 | Construir | Farm |
| 17:43 | Construir | Farm |
| 17:44 | Construir | Farm |
| 17:44 | Construir | Farm |
| 17:44 | Construir | Farm |
| 17:45 | Construir | Farm |
| 17:46 | Construir | Farm |
| 17:46 | Construir | Farm |
| 17:46 | Construir | Farm |
| 18:00 | Investigar | Double-Bit Axe |
| 19:14 | Investigar | Horse Collar |
| 19:31 | Construir | Farm |
| 19:35 | Construir | Farm |
| 19:45 | Investigar | Castle Age |
| 19:58 | Construir | Stable |
| 20:00 | Construir | Stable |
| 20:17 | Construir | Stable |
| 20:20 | Construir | House |
| 21:06 | Construir | Stable |
| 21:09 | Construir | Stable |
| 21:10 | Construir | Stable |
| 22:20 | Construir | Stable |
| 22:25 | Edad | Edad de los Castillos |
| 22:27 | Construir | Stable |
| 23:20 | Construir | Stable |
| 23:38 | Crear | Battle Elephant |
| 23:38 | Crear | Battle Elephant |
| 24:24 | Construir | Mining Camp |
| 24:34 | Crear | Battle Elephant |
| 24:35 | Crear | Battle Elephant |
| 24:35 | Crear | Battle Elephant |
| 25:08 | Investigar | Husbandry |
| 25:18 | Construir | Stable |
| 25:20 | Construir | Stable |
| 25:21 | Construir | Stable |
| 25:22 | Construir | Stable |
| 25:22 | Construir | Stable |
| 25:22 | Construir | Stable |
| 25:29 | Crear | Villager (Male) |
| 25:30 | Crear | Villager (Male) |
| 25:30 | Crear | Villager (Male) |
| 25:30 | Crear | Villager (Male) |
| 25:31 | Crear | Villager (Male) |
| 25:31 | Crear | Villager (Male) |
| 25:47 | Crear | Villager (Male) |
| 25:56 | Investigar | Stone Mining |
| 25:59 | Investigar | Gold Mining |
| 26:03 | Crear | Battle Elephant |
| 26:03 | Crear | Battle Elephant |
| 26:34 | Crear | Villager (Male) |
| 26:35 | Crear | Villager (Male) |
| 26:35 | Crear | Villager (Male) |
| 26:35 | Crear | Villager (Male) |
| 26:36 | Crear | Villager (Male) |
| 27:05 | Crear | Villager (Male) |
| 27:15 | Investigar | Bow Saw |
| 27:32 | Crear | Villager (Male) |
| 29:23 | Construir | Town Center |
| 30:01 | Construir | Town Center |
| 30:15 | Construir | Outpost |
| 30:19 | Construir | Outpost |
| 30:32 | Crear | Villager (Male) |
| 30:43 | Crear | Villager (Male) |
| 30:43 | Crear | Villager (Male) |
| 30:44 | Crear | Villager (Male) |
| 30:44 | Crear | Villager (Male) |
| 30:45 | Crear | Villager (Male) |
| 30:47 | Investigar | Imperial Age |
| 31:38 | Construir | Lumber Camp |
| 32:41 | Construir | Blacksmith |
| 32:54 | Construir | Blacksmith |
| 33:04 | Construir | University |
| 33:33 | Investigar | Scale Barding Armor |
| 33:33 | Investigar | Forging |
| 33:37 | Investigar | Bloodlines |
| 33:38 | Crear | Battle Elephant |
| 33:38 | Crear | Battle Elephant |
| 33:39 | Crear | Battle Elephant |
| 33:39 | Crear | Battle Elephant |
| 33:39 | Crear | Battle Elephant |
Build order — Lamda
Primeras 150 de 403 acciones detectadas
| 0:02 | Construir | House |
| 0:04 | Construir | House |
| 0:06 | Crear | Villager (Male) |
| 0:06 | Crear | Villager (Male) |
| 0:06 | Crear | Villager (Male) |
| 0:07 | Crear | Villager (Male) |
| 1:43 | Crear | Villager (Male) |
| 2:11 | Crear | Villager (Male) |
| 2:46 | Crear | Villager (Male) |
| 2:49 | Investigar | Loom |
| 3:04 | Crear | Villager (Male) |
| 3:22 | Crear | Villager (Male) |
| 3:32 | Construir | House |
| 3:40 | Construir | Lumber Camp |
| 4:05 | Construir | Mill |
| 4:09 | Crear | Villager (Male) |
| 4:47 | Crear | Villager (Male) |
| 4:47 | Crear | Villager (Male) |
| 5:36 | Crear | Villager (Male) |
| 5:36 | Crear | Villager (Male) |
| 5:47 | Construir | House |
| 6:02 | Crear | Villager (Male) |
| 6:35 | Crear | Villager (Male) |
| 6:35 | Crear | Villager (Male) |
| 6:35 | Crear | Villager (Male) |
| 7:23 | Crear | Villager (Male) |
| 7:24 | Crear | Villager (Male) |
| 8:08 | Construir | House |
| 8:55 | Investigar | Feudal Age |
| 9:19 | Construir | Lumber Camp |
| 9:51 | Construir | Mining Camp |
| 11:07 | Edad | Edad Feudal |
| 11:10 | Investigar | Wheelbarrow |
| 11:12 | Investigar | Double-Bit Axe |
| 11:13 | Investigar | Horse Collar |
| 11:29 | Crear | Villager (Male) |
| 11:29 | Crear | Villager (Male) |
| 12:23 | Construir | House |
| 12:24 | Construir | House |
| 12:25 | Construir | House |
| 12:26 | Construir | House |
| 12:27 | Construir | House |
| 12:27 | Construir | House |
| 12:38 | Construir | Farm |
| 12:43 | Construir | Farm |
| 12:46 | Construir | Farm |
| 12:47 | Construir | Farm |
| 12:55 | Construir | Farm |
| 12:56 | Construir | Farm |
| 12:57 | Construir | Farm |
| 12:58 | Construir | Farm |
| 13:03 | Construir | Farm |
| 13:06 | Construir | Farm |
| 13:07 | Crear | Villager (Male) |
| 13:07 | Crear | Villager (Male) |
| 13:08 | Crear | Villager (Male) |
| 13:08 | Crear | Villager (Male) |
| 13:34 | Construir | Barracks |
| 13:44 | Crear | Villager (Male) |
| 13:44 | Crear | Villager (Male) |
| 13:56 | Construir | Farm |
| 14:00 | Construir | Farm |
| 14:13 | Construir | Farm |
| 14:21 | Construir | Farm |
| 14:39 | Crear | Villager (Male) |
| 14:39 | Crear | Villager (Male) |
| 14:50 | Construir | Farm |
| 14:51 | Construir | Farm |
| 14:52 | Construir | Farm |
| 14:56 | Construir | Farm |
| 15:07 | Investigar | Man-at-Arms (upgrade) |
| 15:11 | Crear | Militia |
| 15:12 | Crear | Militia |
| 15:30 | Construir | Blacksmith |
| 15:42 | Crear | Villager (Male) |
| 15:42 | Crear | Villager (Male) |
| 15:45 | Construir | Farm |
| 15:46 | Construir | Farm |
| 15:52 | Crear | Villager (Male) |
| 15:52 | Crear | Villager (Male) |
| 16:08 | Crear | Militia |
| 16:08 | Crear | Militia |
| 16:29 | Crear | Militia |
| 16:29 | Crear | Militia |
| 16:32 | Crear | Villager (Male) |
| 16:33 | Crear | Villager (Male) |
| 16:38 | Investigar | Fletching |
| 16:38 | Investigar | Padded Archer Armor |
| 16:45 | Construir | Archery Range |
| 17:19 | Crear | Militia |
| 17:19 | Crear | Militia |
| 17:35 | Crear | Skirmisher |
| 17:36 | Crear | Skirmisher |
| 17:36 | Crear | Skirmisher |
| 17:36 | Crear | Skirmisher |
| 17:54 | Crear | Villager (Male) |
| 17:56 | Crear | Militia |
| 17:56 | Crear | Militia |
| 18:07 | Construir | Barracks |
| 18:15 | Construir | House |
| 18:16 | Construir | House |
| 18:18 | Construir | House |
| 18:23 | Construir | House |
| 18:26 | Construir | Farm |
| 18:27 | Crear | Villager (Male) |
| 18:36 | Construir | Farm |
| 18:37 | Construir | Farm |
| 18:38 | Construir | Farm |
| 18:41 | Crear | Skirmisher |
| 18:41 | Crear | Skirmisher |
| 20:50 | Crear | Militia |
| 20:51 | Crear | Militia |
| 20:51 | Crear | Militia |
| 21:02 | Construir | Mining Camp |
| 21:11 | Investigar | Forging |
| 21:12 | Investigar | Scale Mail Armor |
| 21:17 | Investigar | Gold Mining |
| 21:17 | Investigar | Stone Mining |
| 21:46 | Investigar | Arson |
| 23:21 | Crear | Militia |
| 23:23 | Investigar | Castle Age |
| 23:27 | Crear | Militia |
| 23:27 | Crear | Militia |
| 23:27 | Crear | Militia |
| 23:28 | Crear | Militia |
| 23:28 | Crear | Skirmisher |
| 23:29 | Crear | Skirmisher |
| 23:29 | Crear | Skirmisher |
| 23:29 | Crear | Skirmisher |
| 24:47 | Crear | Militia |
| 24:47 | Crear | Militia |
| 24:48 | Crear | Militia |
| 24:59 | Construir | Mining Camp |
| 25:47 | Construir | Market |
| 26:03 | Edad | Edad de los Castillos |
| 26:08 | Construir | Town Center |
| 26:20 | Investigar | Bow Saw |
| 26:21 | Investigar | Heavy Plow |
| 26:46 | Investigar | Elite Skirmisher (upgrade) |
| 26:47 | Crear | Skirmisher |
| 26:47 | Crear | Skirmisher |
| 26:47 | Crear | Skirmisher |
| 26:55 | Investigar | Long Swordsman (upgrade) |
| 26:56 | Investigar | Gambesons |
| 26:57 | Crear | Militia |
| 26:57 | Crear | Militia |
| 26:57 | Crear | Militia |
| 28:01 | Investigar | Pikeman (upgrade) |
| 28:02 | Crear | Spearman |
| 28:02 | Crear | Spearman |
Build order — monkeylogics
Primeras 150 de 271 acciones detectadas
| 0:08 | Construir | House |
| 0:20 | Construir | House |
| 0:22 | Construir | House |
| 0:23 | Construir | House |
| 0:38 | Crear | Villager (Male) ×4 |
| 0:39 | Investigar | Loom |
| 2:09 | Construir | Mill |
| 2:13 | Crear | Villager (Male) |
| 2:38 | Crear | Villager (Male) |
| 3:53 | Crear | Villager (Male) ×3 |
| 4:18 | Crear | Villager (Male) |
| 5:27 | Crear | Villager (Male) ×3 |
| 6:25 | Crear | Villager (Male) ×5 |
| 7:54 | Construir | House |
| 7:55 | Construir | House |
| 8:53 | Construir | Lumber Camp |
| 9:19 | Crear | Villager (Male) ×5 |
| 9:45 | Investigar | Feudal Age |
| 10:42 | Crear | Villager (Male) ×5 |
| 10:45 | Crear | Villager (Male) ×4 |
| 11:40 | Construir | Mill |
| 11:55 | Construir | Mining Camp |
| 11:57 | Edad | Edad Feudal |
| 12:14 | Investigar | Double-Bit Axe |
| 12:39 | Investigar | Horse Collar |
| 13:41 | Construir | Mining Camp |
| 13:53 | Construir | House |
| 13:55 | Construir | House |
| 13:56 | Construir | House |
| 14:25 | Construir | House |
| 14:26 | Construir | House |
| 14:57 | Construir | Barracks |
| 15:06 | Construir | Farm |
| 15:08 | Crear | Villager (Male) ×5 |
| 15:31 | Construir | Blacksmith |
| 15:47 | Construir | Farm |
| 16:05 | Construir | Farm |
| 16:13 | Construir | Farm |
| 16:42 | Construir | Market |
| 16:50 | Construir | Farm |
| 17:04 | Construir | Farm |
| 17:29 | Crear | Spearman |
| 17:38 | Crear | Spearman |
| 17:43 | Investigar | Castle Age |
| 17:47 | Construir | Farm |
| 18:00 | Construir | Farm |
| 18:08 | Construir | Farm |
| 19:02 | Construir | Farm |
| 19:06 | Investigar | Forging |
| 19:23 | Construir | Barracks |
| 19:37 | Construir | Lumber Camp |
| 19:48 | Investigar | Man-at-Arms (upgrade) |
| 19:53 | Investigar | Scale Mail Armor |
| 20:05 | Crear | Militia |
| 20:11 | Crear | Militia |
| 20:27 | Edad | Edad de los Castillos |
| 20:33 | Crear | Militia |
| 20:40 | Construir | Barracks |
| 20:50 | Construir | Castle |
| 21:01 | Crear | Villager (Male) ×2 |
| 21:22 | Crear | Militia ×2 |
| 22:04 | Investigar | Long Swordsman (upgrade) |
| 22:24 | Crear | Militia ×2 |
| 23:01 | Investigar | Squires |
| 23:06 | Crear | Villager (Male) |
| 23:28 | Crear | Militia |
| 23:29 | Crear | Militia |
| 24:26 | Construir | Town Center |
| 24:30 | Crear | Villager (Male) ×4 |
| 25:16 | Construir | Farm |
| 25:19 | Crear | Villager (Male) ×3 |
| 25:57 | Construir | Farm |
| 26:01 | Crear | Villager (Male) ×3 |
| 26:35 | Construir | Farm |
| 26:46 | Construir | Farm |
| 26:51 | Crear | Militia ×5 |
| 26:51 | Crear | Militia ×5 |
| 26:56 | Crear | Militia |
| 27:07 | Construir | Farm |
| 27:29 | Crear | Villager (Male) ×2 |
| 27:30 | Crear | Villager (Male) ×2 |
| 27:37 | Construir | Farm |
| 28:25 | Construir | Farm |
| 28:26 | Construir | Farm |
| 28:36 | Investigar | Iron Casting |
| 28:39 | Investigar | Fletching |
| 28:43 | Crear | Militia |
| 28:43 | Crear | Militia |
| 29:28 | Construir | Siege Workshop |
| 29:31 | Construir | Siege Workshop |
| 29:37 | Crear | Villager (Male) ×5 |
| 29:44 | Crear | Villager (Male) |
| 29:44 | Crear | Villager (Male) |
| 30:04 | Crear | Villager (Male) ×2 |
| 30:09 | Construir | Farm |
| 30:36 | Construir | Farm |
| 30:39 | Investigar | Heavy Plow |
| 30:43 | Crear | Villager (Male) |
| 30:46 | Crear | Villager (Male) |
| 30:51 | Crear | Battering Ram ×5 |
| 31:08 | Construir | Farm |
| 31:11 | Construir | Farm |
| 31:18 | Investigar | Wheelbarrow |
| 31:22 | Construir | Farm |
| 31:26 | Investigar | Town Watch |
| 31:57 | Construir | Farm |
| 32:01 | Crear | Villager (Male) ×4 |
| 32:05 | Crear | Villager (Male) |
| 32:36 | Construir | Farm |
| 32:42 | Construir | House |
| 32:42 | Construir | House |
| 32:42 | Construir | House |
| 32:43 | Construir | House |
| 32:44 | Construir | House |
| 32:44 | Construir | House |
| 32:44 | Construir | House |
| 32:45 | Construir | House |
| 32:46 | Construir | House |
| 32:47 | Construir | House |
| 32:48 | Construir | House |
| 32:49 | Construir | House |
| 32:52 | Construir | House |
| 32:53 | Construir | House |
| 32:53 | Construir | House |
| 32:55 | Construir | House |
| 32:55 | Construir | House |
| 33:39 | Investigar | Hand Cart |
| 33:40 | Investigar | Town Patrol |
| 33:43 | Crear | Villager (Male) ×3 |
| 34:16 | Construir | Farm |
| 34:56 | Construir | Farm |
| 35:03 | Construir | Farm |
| 35:26 | Construir | Farm |
| 35:33 | Investigar | Imperial Age |
| 35:36 | Crear | Villager (Male) ×3 |
| 35:49 | Crear | Villager (Male) ×2 |
| 35:56 | Construir | Farm |
| 36:24 | Crear | Villager (Male) ×5 |
| 36:41 | Investigar | Chain Mail Armor |
| 36:42 | Investigar | Bodkin Arrow |
| 36:48 | Construir | Farm |
| 37:51 | Construir | Farm |
| 37:53 | Construir | Farm |
| 37:56 | Construir | Farm |
| 37:59 | Crear | Villager (Male) ×5 |
| 38:03 | Crear | Villager (Male) ×5 |
| 38:15 | Investigar | Anarchy |
| 38:39 | Crear | Militia ×5 |
| 38:39 | Crear | Militia ×5 |
| 38:39 | Crear | Militia ×5 |
Cronología de la partida
| 4:26 | Olde · wall_segment Palisade Wall x22 |
| 4:51 | HemppaVeijo · wall_segment Palisade Wall x20 |
| 6:00 | Olde · wall_segment Palisade Wall x1 |
| 6:04 | HemppaVeijo · wall_segment Palisade Wall x1 |
| 11:07 | Lamda · age_up feudal |
| 11:23 | aliø · age_up feudal |
| 11:39 | HemppaVeijo · age_up feudal |
| 11:57 | monkeylogics · age_up feudal |
| 13:34 | Lamda · first_building Barracks |
| 13:43 | UnAmigo.es · first_building Barracks |
| 14:18 | HemppaVeijo · wall_segment Stone Wall x6 |
| 14:25 | UnAmigo.es · age_up feudal |
| 14:26 | HemppaVeijo · wall_segment Stone Wall x11 |
| 14:32 | Olde · age_up feudal |
| 14:57 | monkeylogics · first_building Barracks |
| 15:11 | aliø · wall_segment Stone Wall x28 |
| 15:59 | aliø · age_up castle |
| 16:02 | UnAmigo.es · first_market_sell 100 wood |
| 16:45 | Lamda · first_building Archery Range |
| 19:58 | UnAmigo.es · first_building Stable |
| 20:27 | monkeylogics · age_up castle |
| 20:50 | monkeylogics · first_building Castle |
| 21:58 | HemppaVeijo · first_building Barracks |
| 22:08 | aliø · first_building Barracks |
| 22:25 | UnAmigo.es · age_up castle |
| 23:34 | HemppaVeijo · first_building Archery Range |
| 24:03 | Olde · age_up castle |
| 25:06 | HemppaVeijo · first_building Stable |
| 25:42 | HemppaVeijo · age_up castle |
| 25:56 | Olde · first_building Castle |
| 26:03 | Lamda · age_up castle |
| 29:26 | aliø · first_building Siege Workshop |
| 29:28 | monkeylogics · first_building Siege Workshop |
| 30:25 | HemppaVeijo · first_building Castle |
| 30:31 | Olde · first_building Monastery |
| 30:48 | Lamda · first_market_buy 100 wood |
| 31:22 | aliø · wall_segment Stone Wall x21 |
| 31:42 | Lamda · first_building Monastery |
| 31:51 | monkeylogics · tribute_sent a jugador 1 |
| 31:51 | monkeylogics · tribute_sent a jugador 2 |
| 31:51 | monkeylogics · tribute_sent a jugador 3 |
| 31:51 | monkeylogics · tribute_sent a jugador 4 |
| 31:51 | monkeylogics · tribute_sent a jugador 6 |
| 32:11 | aliø · wall_segment Stone Wall x6 |
| 32:43 | Olde · first_building Barracks |
| 33:20 | aliø · first_building Monastery |
| 33:40 | Lamda · wall_segment Stone Wall x9 |
| 33:47 | Lamda · wall_segment Stone Wall x3 |
| 33:52 | Lamda · wall_segment Stone Wall x4 |
| 33:55 | Olde · age_up imperial |
| 34:04 | UnAmigo.es · age_up imperial |
| 34:33 | UnAmigo.es · first_building Castle |
| 35:29 | UnAmigo.es · first_building Siege Workshop |
| 37:25 | aliø · age_up imperial |
| 38:43 | monkeylogics · age_up imperial |
| 39:27 | aliø · first_building Castle |
| 40:42 | Lamda · first_building Siege Workshop |
| 41:27 | HemppaVeijo · wall_segment Stone Wall x24 |
| 42:03 | Lamda · wall_segment Stone Wall x20 |
| 42:16 | Lamda · wall_segment Stone Wall x3 |
| 42:18 | Lamda · wall_segment Stone Wall x4 |
| 42:19 | Lamda · wall_segment Stone Wall x9 |
| 43:05 | Olde · first_building Siege Workshop |
| 43:21 | Lamda · age_up imperial |
| 43:47 | Olde · first_market_sell 500 food |
| 43:57 | Olde · tribute_sent a jugador 1 |
| 43:57 | Olde · tribute_sent a jugador 3 |
| 43:57 | Olde · tribute_sent a jugador 4 |
| 43:57 | Olde · tribute_sent a jugador 5 |
| 43:57 | Olde · tribute_sent a jugador 6 |
| 45:35 | HemppaVeijo · wall_segment Stone Wall x2 |
| 46:08 | HemppaVeijo · age_up imperial |
| 46:09 | Lamda · first_building Castle |
| 51:11 | aliø · first_market_sell 500 food |
| 52:22 | aliø · first_market_buy 500 stone |
| 52:26 | Olde · tribute_sent a jugador 1 |
| 52:26 | Olde · tribute_sent a jugador 3 |
| 52:26 | Olde · tribute_sent a jugador 4 |
| 52:26 | Olde · tribute_sent a jugador 5 |
| 52:26 | Olde · tribute_sent a jugador 6 |
| 52:51 | monkeylogics · resign |
[ ANÁLISIS IA · 1 CRÉDITO ]
¿Qué pasó realmente en esta partida?
Wolo.gg analiza cada decisión: build order, eco, micro, errores típicos por bracket. Análisis personalizado por WhatsApp o Discord en 30 segundos.
Guía civ
Persas
Guía mapa
Amazon Tunnel
Perfil
HemppaVeijo